 Dungeon Crawl Stone Soup version 0.26.1-2-gb8aa6d0cf2 (webtiles) character file.

Game seed: 18181848092936234500

35 H0rd4k the Charlatan (level 3, -5/26 HPs)
             Began as a Human Artificer on Mar 29, 2021.
             Blown up by a kobold (30 damage)
             ... with a disintegration bolt
             ... on level 3 of the Dungeon.
             The game lasted 00:02:32 (3100 turns).

H0rd4k the Charlatan (Human Artificer)              Turns: 3100, Time: 00:02:32

Health: -5/26      AC:  6    Str: 13    XL:     3   Next: 55%
Magic:  3/3        EV: 12    Int: 11    God:
Gold:   140        SH:  0    Dex: 13    Spells: 2/2 levels left

rFire    . . .     SeeInvis .   f - +0 dagger
rCold    . . .     Faith    .   (no shield)
rNeg     . . .     Spirit   .   b - +0 leather armour
rPois    .         Reflect  .   (no helmet)
rElec    .         Harm     .   (no cloak)
rCorr    .         Rampage  .   (no gloves)
Will     +....                  l - +2 pair of boots
Stlth    +.........             (no amulet)
HPRegen  0.08/turn              p - ring of willpower
MPRegen  0.08/turn              (no ring)

@: no status effects
A: no striking features
a: no special abilities


You were on level 3 of the Dungeon.
You visited 1 branch of the dungeon, and saw 4 of its levels.

You collected 140 gold pieces.

Inventory:

Hand Weapons
 f - a +0 dagger (weapon)
 t - a +0 longbow of freezing
Armour
 b - a +0 leather armour (worn)
 l - a +2 pair of boots (worn)
Jewellery
 m - an uncursed ring of positive energy
 p - a ring of willpower (left hand)
Wands
 c - a wand of flame (15) (quivered)
 d - a wand of enslavement (11)
 e - a wand of random effects (15)
 k - a wand of paralysis (7)
Scrolls
 a - 3 scrolls of teleportation {unknown}
 g - a scroll of noise {unknown}
 i - a scroll of random uselessness {unknown}
 j - 2 scrolls of remove curse {unknown}
 q - a scroll of enchant weapon {unknown}
 s - a scroll of blinking {unknown}
Potions
 h - 6 potions of curing {unknown}
 n - a potion of attraction {unknown}
 o - a potion of cancellation {unknown}
 r - 3 potions of heal wounds {unknown}
 u - a potion of flight {unknown}


   Skills:
 + Level 1.2 Fighting
 + Level 0.5 Short Blades
 + Level 2.4 Armour
 + Level 1.6 Dodging
 + Level 1.1 Stealth
 + Level 3.5 Evocations


You had 2 spell levels left.
You didn't know any spells.
Your spell library was empty.

Dungeon Overview and Level Annotations

Branches:
Dungeon (4/15)
 Temple: D:4-7

Altars:
Elyvilon
Makhleb
Nemelex Xobeh
Trog
Xom


Message History

The poisoned dart completely misses you.
The bat barely misses you. The bat hits you but does no damage.
The kobold drinks a potion.
The kobold seems to speed up.
The bat hits you. The bat misses you. The bat closely misses you.
The bat hits you. The bat hits you but does no damage.
The bat hits you but does no damage. The bat hits you but does no damage.
The bat barely misses you.
The kobold throws a poisoned dart.
The poisoned dart closely misses you. The bat hits you but does no damage.
The kobold throws a poisoned dart.
The poisoned dart barely misses you. The bat closely misses you.
You see here 2 poisoned darts.
The bat hits you but does no damage.
You closely miss the bat. The bat barely misses you. x2
You hit the bat.
The bat is heavily wounded.
The bat closely misses you. x2; The kobold zaps a wand.
You are blasted!
Ouch! That really hurt!
You die...

#K.≈≈≈≈# #.≈≈≈≈#
#..≈≈≈###
#..≈≈≈≈####. ##
#..(≈≈≈≈≈.. #.
##K........# #.
#.#######.########
#. #.#
#.......#_._#####.
#.# #@# #...#.....
##.####(#
...#..###
#..K..Kb###
#'###.#
#.........#
#.#.#.#
#.#######.#
#...#.# #.. ...#
#.# ###.#.# #
#.####.# #.# #..>#
. .......# #.#
##..# o #......##
#.# #..# #


You could see a bat and a kobold (fast).

Vanquished Creatures
  An orc (D:3)
  2 bats
  A giant cockroach (D:1)
  4 goblins
  2 hobgoblins (D:1)
  5 jackals (D:2)
  A quokka (D:3)
  4 frilled lizards
  4 kobolds (D:2)
  4 rats
28 creatures vanquished.

Vanquished Creatures (collateral kills)
  3 orcs (D:3)
3 creatures vanquished.

Vanquished Creatures (others)
  A jackal (D:2)
1 creature vanquished.

Grand Total: 32 creatures vanquished

Notes
Turn   | Place    | Note
-------+----------+-------------------------------------------
     0 | D:1      | H0rd4k the Human Artificer began the quest for the Orb.
     0 | D:1      | Reached XP level 1. HP: 15/15 MP: 1/1
   603 | D:1      | Reached XP level 2. HP: 18/21 MP: 2/2
  1955 | D:2      | Reached XP level 3. HP: 18/26 MP: 3/3
  2238 | D:2      | Found a white marble altar of Elyvilon.
  2876 | D:3      | Found a sparkling altar of Nemelex Xobeh.
  2939 | D:3      | Found a shimmering altar of Xom.
  2939 | D:3      | Found a burning altar of Makhleb.
  2999 | D:3      | Found a bloodstained altar of Trog.
  3100 | D:3      | Blown up by a kobold

Illustrated notes

Levels and vault maps discovered:
D:1:      minmay_arrival_four_loops, layout_basic
D:2:      layout_loops_cross, elyvilon_altar_5
D:3:      layout_loops_ring, grunt_temple_overflow_champion_of_chaos,
          nicolae_overflow_crystal_walls, nemelex_xobeh_ov_fountains_minmay,
          nzn_wu_jian_council_hall, chequers_ecumenical_altar_grove,
          grunt_decor_junction, grunt_ministairs_5
D:4:      layout_cave_pools, chequers_temple_overflow_statue_of_worship,
          glass_columns_b

Action                   || total
-------------------------++-------
Melee: Dagger            ||   211
Evoke: Wand              ||     4
Armor: Leather armour    ||    86
Dodge: Dodged            ||   152
